 Dungeon Crawl Stone Soup version 0.21-a0-352-g5b8f553 (webtiles) character file.

42 tidbits the Charmwright (level 3, 27/31 HPs)
             Began as a Gnoll Skald on Oct 10, 2017.
             Quit the game on level 2 of the Dungeon.
             The game lasted 00:03:33 (805 turns).

tidbits the Charmwright (Gnoll Skald)                Turns: 805, Time: 00:03:33

Health: 27/31      AC:  5    Str: 13    XL:     3   Next: 54%
Magic:  9/9        EV: 12    Int: 16    God:
Gold:   59         SH:  0    Dex: 14    Spells: 1/12 levels left

rFire    . . .     SeeInvis .   a - +0 hand axe
rCold    . . .     Gourm    .   (no shield)
rNeg     . . .     Faith    .   B - +0 ring mail
rPois    .         Spirit   .   (no helmet)
rElec    .         Reflect  .   (no cloak)
rCorr    +         Harm     .   (no gloves)
MR       .....                  (no boots)
Stlth    +.........             h - amulet of rage
HPRegen  0.10/turn              o - ring of resist corrosion
MPRegen  0.11/turn              (no ring)

@: no status effects
A: distributed training, fangs 1, strong nose
a: Evoke Berserk Rage


You were on level 2 of the Dungeon.
You were not hungry.

You visited 1 branch of the dungeon, and saw 3 of its levels.

You collected 59 gold pieces.

Inventory:

Hand Weapons
 a - a +0 hand axe (weapon)
Missiles
 f - 38 arrows
Armour
 b - a +0 leather armour
 B - a +0 ring mail (worn)
Jewellery
 h - an amulet of rage (around neck)
   (You found it on level 1 of the Dungeon)
 o - a ring of resist corrosion (left hand)
   (You found it on level 2 of the Dungeon)
Wands
 m - a wand of digging (7/24)
Scrolls
 e - a scroll of noise {unknown}
 g - 2 scrolls of enchant armour {unknown}
 i - 5 scrolls of teleportation {unknown}
 l - a scroll of identify {unknown}
 p - a scroll of random uselessness {unknown}
Potions
 j - 2 potions of haste {unknown}
Books
 c - a book of Battle

   Spells                             Type                      Level
   a - Infusion                       Charms                       1
   b - Shroud of Golubria             Charms/Translocation         2
   c - Song of Slaying                Charms                       2
   d - Spectral Weapon                Hexes/Charms                 3
   e - Regeneration                   Charms/Necromancy            3
Comestibles
 d - 2 bread rations
 k - a chunk of flesh
 n - a royal jelly
 q - 3 meat rations


   Skills:
 + Level 4.5 Fighting
 + Level 0.8 Short Blades
 + Level 0.8 Long Blades
 + Level 4.5 Axes
 + Level 0.8 Maces & Flails
 + Level 0.8 Polearms
 + Level 0.8 Staves
 + Level 0.8 Slings
 + Level 0.8 Bows
 + Level 0.8 Crossbows
 + Level 0.8 Throwing
 + Level 2.6 Armour
 + Level 4.5 Dodging
 + Level 0.8 Stealth
 + Level 0.8 Shields
 + Level 0.8 Unarmed Combat
 + Level 5.0 Spellcasting
 + Level 0.8 Conjurations
 + Level 0.8 Hexes
 + Level 6.5 Charms
 + Level 0.8 Summonings
 + Level 0.8 Necromancy
 + Level 0.8 Translocations
 + Level 0.8 Transmutations
 + Level 0.8 Fire Magic
 + Level 0.8 Ice Magic
 + Level 0.8 Air Magic
 + Level 0.8 Earth Magic
 + Level 0.8 Poison Magic
 + Level 0.8 Invocations
 + Level 0.8 Evocations


You had one spell level left.
You knew the following spells:

 Your Spells              Type           Power        Failure   Level  Hunger
g - Shroud of Golubria    Chrm/Tloc      ###.......   11%         2    #......
i - Infusion              Chrm           ###.         1%          1    None
r - Regeneration          Chrm/Necr      ###.......   21%         3    ###....
w - Spectral Weapon       Hex/Chrm       ###.....     21%         3    ###....
y - Song of Slaying       Chrm           ###.....     3%          2    #......


Dungeon Overview and Level Annotations

Branches:
Dungeon (3/15)

Altars:

Annotations:
D:3 Sigmund


Innate Abilities, Weirdness & Mutations

Your experience applies equally to all skills.
You have very sharp teeth.
Your uncanny sense of smell can sniff out nearby items.


Message History

Found a scroll labeled XOL EMOOWIUD.
Casting: Spectral Weapon
Confirm with . or Enter, or press ? or * to list all spells.
You begin infusing your attacks with magical energy.
The goblin unwields an uncursed hunting sling.
The goblin wields an uncursed dagger.
The goblin hits you but does no damage.
You barely miss the goblin. The goblin hits you but does no damage.
You hit the goblin!
You kill the goblin!
Things that are here:
an uncursed dagger; an uncursed hunting sling; 36 stones
g - 2 scrolls labeled XOL EMOOWIUD (gained 1) Some of the chunks of flesh in your inventory have rotted away.
Things that are here:
an uncursed dagger; an uncursed hunting sling; 36 stones A rat comes into view.
Sigmund the Dreaded comes into view.
He is wielding a scythe.
Sigmund shouts!
Casting: Infusion
Confirm with . or Enter, or press ? or * to list all spells.
You draw out your weapon's spirit!
Sigmund gestures wildly while chanting.
Sigmund flickers and vanishes!
Deactivating autopickup; reactivate with Ctrl-A.
There is a stone staircase leading up here.
The rat bites you but does no damage.
You climb upwards.
Your summoned ally is left behind.
Your spectral weapon fades away.
There is a stone staircase leading down here.
You closely miss the rat. The rat bites you but does no damage.
You hit the rat!
You kill the rat!
Your magical infusion is running out.
You open the door.
A hobgoblin comes into view. It is wielding a club.
The hobgoblin shouts!
A bat comes into view.
You are feeling hungry.
Found 11 gold pieces and 2 scrolls labeled ZOUT QAIWNOSH.
There is an open door here.
You hit the bat!
You kill the bat!
You closely miss the hobgoblin.
You are no longer magically infusing your attacks.
The hobgoblin hits you with a club.
You completely miss the hobgoblin.
You bite the hobgoblin, but do no damage.
The hobgoblin closely misses you.
You hit the hobgoblin.
The hobgoblin is severely wounded.
The hobgoblin completely misses you.
You hit the hobgoblin but do no damage.
The hobgoblin is severely wounded.
The hobgoblin closely misses you.
You hit the hobgoblin but do no damage.
The hobgoblin is severely wounded.
The hobgoblin hits you but does no damage.
You hit the hobgoblin.
You kill the hobgoblin!
Found 22 arrows.
Things that are here:
a club; a hobgoblin corpse; a bat corpse You see here 22 arrows.
Found a stone staircase leading up.
You see here 11 gold pieces.
You see here 2 scrolls labeled ZOUT QAIWNOSH.
i - 5 scrolls labeled ZOUT QAIWNOSH (gained 2) Autopickup is now on.
You now have 50 gold pieces (gained 11).
f - 38 arrows (gained 22)
You open the door.
Found an escape hatch in the ceiling.
You open the door.
Found a stone staircase leading down.
There is a stone staircase leading up here.
You climb upwards.
There is a stone staircase leading down here.
You enter a teleport trap!
The teleport trap disappears.
Your surroundings suddenly seem different.
Found 9 gold pieces.
You now have 59 gold pieces (gained 9).
Found a meat ration.
q - 3 meat rations (gained 1)
You open the door.
There is an open door here.
You open the door.
A giant cockroach comes into view.
There is a stone staircase leading down here.
You climb downwards.
There is a stone staircase leading up here.
You see here a stone.
You see here a stone.
There is a stone staircase leading up here.
Eating one of 2 chunks of flesh.
You eat one of the 2 chunks of flesh.
This raw flesh tastes terrible.
You see here a stone.
There is a stone staircase leading up here.
You see here a stone.
A leopard gecko comes into view.
Are you sure you want to abandon this character and quit the game? (Confirm with "yes".)

....###......####.# #...
..### #.....(.# .....
..# #....##.# ...). ..#
##.####<##### .....
..### ### #.(...# ######
....# #...###.# # ..##.#
##### #.# # ### #
######.#### # #
#....@....# ## #
#....(....# #. ###.
#..<......### #. ....
#...........# #.
.###########...........#
##
..........l.(.....##[..#
#
.###########...#####...#
# .# ##### #...# # .#
##### #


You could see a leopard gecko (wandering).

Vanquished Creatures
  A worm (D:2)
  A leopard gecko (D:2)
  An orc (D:3)
  A ball python (D:2)
  A giant cockroach (D:2)
  3 goblins
  6 hobgoblins
  2 jackals (D:3)
  2 kobolds (D:2)
  7 bats
  4 frilled lizards (D:2)
  6 rats
35 creatures vanquished.

Notes
Turn   | Place    | Note
-------+----------+-------------------------------------------
     0 | D:1      | tidbits the Gnoll Skald began the quest for the Orb.
     0 | D:1      | Reached XP level 1. HP: 20/20 MP: 6/6
   140 | D:1      | Reached XP level 2. HP: 25/26 MP: 3/7
   220 | D:1      | Learned a level 2 spell: Song of Slaying
   223 | D:1      | Learned a level 2 spell: Shroud of Golubria
   456 | D:2      | Reached XP level 3. HP: 30/31 MP: 1/9
   461 | D:2      | Learned a level 3 spell: Regeneration
   465 | D:2      | Learned a level 3 spell: Spectral Weapon
   491 | D:2      | Reached skill level 5 in Spellcasting
   692 | D:3      | Noticed Sigmund
   805 | D:2      | Quit the game

Vault maps used:
D:1:      zelgadis_glass_arrival_small, glass_columns_a, minivault_23
D:2:      chequers_ecumenical_altar_twisty, grunt_ministairs_6
D:3:      first_bread, uniq_sigmund

Skill      XL: |  1  2  3 |
---------------+----------+-----
Spellcasting   | 5 |  5.0
Fighting       | |  4.5
Short Blades   | |  0.8
Long Blades    | |  0.8
Axes           | |  4.5
Maces & Flails | |  0.8
Polearms       | |  0.8
Staves         | |  0.8
Slings         | |  0.8
Bows           | |  0.8
Crossbows      | |  0.8
Throwing       | |  0.8
Armour         | |  2.6
Dodging        | |  4.5
Stealth        | |  0.8
Shields        | |  0.8
Unarmed Combat | |  0.8
Conjurations   | |  0.8
Hexes          | |  0.8
Charms         | |  6.5
Summonings     | |  0.8
Necromancy     | |  0.8
Translocations | |  0.8
Transmutations | |  0.8
Fire Magic     | |  0.8
Ice Magic      | |  0.8
Air Magic      | |  0.8
Earth Magic    | |  0.8
Poison Magic   | |  0.8
Invocations    | |  0.8
Evocations     | |  0.8

Action                   || total
-------------------------++-------
Melee: Hand axe          ||    77
       Bite              ||     4
       Punch             ||     1
 Cast: Infusion          ||     7
       Spectral Weapon   ||     2
 Abil: Evoke Berserk Rag ||     2
  Eat: Chunk             ||     2
Armor: Leather armour    ||     4
       Ring mail         ||    23
Dodge: Dodged            ||    65

Table legend:
 A = Spawn XP
 B = Non-spawn XP
 C = Spawn XP percentage of total XP
 D = Spawn monster count
 E = Non-spawn monster count
 F = Spawn count percentage of total count
 G = Total turns spent on level
                    A         B        C        D         E        F      G
               +---------+---------+-------+---------+---------+-------+---------
         Total |       0 |      60 |   0.0 |       0 |      35 |   0.0 |   805
               +---------+---------+-------+---------+---------+-------+---------
           D:1 |       0 |      17 |   0.0 |       0 |      11 |   0.0 |   378
           D:2 |       0 |      31 |   0.0 |       0 |      18 |   0.0 |   389
           D:3 |       0 |      12 |   0.0 |       0 |       6 |   0.0 |    38
               +---------+---------+-------+---------+---------+-------+---------

Table legend:
 A = Turns spent in this place as a percentage of turns spent in the entire game.
 B = Non-inter-level travel turns spent in this place as a percentage of non-inter-level travel turns spent in the entire game.
 C = Inter-level travel turns spent in this place as a percentage of turns spent in this place.
 D = Turns resting spent in this place as a percentage of non-inter-level travel turns spent in this place.
 E = Turns spent auto-exploring this place as a percentage of non-inter-level travel turns spent in this place.
 F = Non-inter-level travel turns spent in this place divided by the number of levels of this place that you've seen.
                   A       B       C       D       E      F
               +-------+-------+-------+-------+-------+----------------------
         Total | 100.0 | 100.0 |   8.1 |   0.0 |   0.0 | 246.7
       Dungeon | 100.0 | 100.0 |   8.1 |   0.0 |   0.0 | 246.7
               +-------+-------+-------+-------+-------+----------------------

Table legend:
 A = Kills in this place as a percentage of kills in entire the game.
 B = Kills by you in this place as a percentage of kills by you in the entire game.
 C = Kills by friends in this place as a percentage of kills by friends in the entire game.
 D = Other kills in this place as a percentage of other kills in the entire game.
 E = Experience gained in this place as a percentage of experience gained in the entire game.
 F = Experience gained in this place divided by the number of levels of this place that you have seen.
                   A       B       C       D       E      F
               +-------+-------+-------+-------+-------+----------------------
         Total | 100.0 | 100.0 |   N/A |   N/A | 100.0 |  20.0
       Dungeon | 100.0 | 100.0 |   N/A |   N/A | 100.0 |  20.0
               +-------+-------+-------+-------+-------+----------------------

Vault maps used:
D:1:      zelgadis_glass_arrival_small, glass_columns_a, minivault_23
D:2:      chequers_ecumenical_altar_twisty, grunt_ministairs_6
D:3:      first_bread, uniq_sigmund
